 Dungeon Crawl Stone Soup version 0.24.1 (webtiles) character file.

Game seed: 3628101383670200716, levelgen mode: deterministic

1239 Destapler the Shield-Bearer (level 8, -20/62 HPs)
             Began as a Human Berserker on Mar 25, 2020.
             Was a Believer of Trog.
             Demolished by an orc warrior
             ... wielding a +0 dire flail
              (24 damage)
             ... on level 5 of the Dungeon.
             The game lasted 00:20:38 (4589 turns).

Destapler the Shield-Bearer (Human Berserker)       Turns: 4589, Time: 00:20:39

Health: -20/62     AC:  7    Str: 20    XL:     8   Next: 78%
Magic:  0/8        EV:  9    Int:  7    God:    Trog [**....]
Gold:   202        SH: 12    Dex: 13    Spells: 7/7 levels left

rFire    . . .     SeeInvis .   a - +3 whip
rCold    . . .     Gourm    .   q - +2 shield
rNeg     . . .     Faith    .   h - +0 scale mail
rPois    .         Spirit   +   (no helmet)
rElec    .         Reflect  .   (no cloak)
rCorr    +         Harm     .   (no gloves)
MR       ++...                  (no boots)
Stlth    ..........             b - amulet of guardian spirit
HPRegen  1.20/turn              n - ring of flight
MPRegen  0.11/turn              j - ring of resist corrosion

@: berserk cooldown, regenerating, slowed, very slow
A: no striking features
a: Berserk, Trog's Hand, Renounce Religion, Evoke Flight


You were on level 5 of the Dungeon.
You worshipped Trog.
Trog was pleased with you.
You were near starving.

You visited 1 branch of the dungeon, and saw 6 of its levels.

You collected 202 gold pieces.

Inventory:

Hand Weapons
 a - a +3 whip (weapon)
Missiles
 f - 25 poisoned darts (quivered)
 g - 36 stones
Armour
 e - a +2 large shield
 h - a +0 scale mail (worn)
 q - a +2 shield (worn)
Jewellery
 b - an amulet of guardian spirit (around neck)
 j - a ring of resist corrosion (right hand)
 n - a ring of flight (left hand)
Scrolls
 i - 3 scrolls of identify
 k - 2 scrolls of teleportation
 l - 2 scrolls of magic mapping
 p - 4 scrolls of remove curse
 D - a scroll of fog {unknown}
Potions
 d - 2 potions of invisibility {unknown}
 m - 2 potions of curing
 o - a potion of mutation {unknown}
 s - a potion of resistance {unknown}
Comestibles
 c - 8 rations
 r - 2 chunks of flesh


   Skills:
 - Level 5.2 Fighting
 + Level 5.8 Maces & Flails
 + Level 4.2 Armour
 - Level 2.0 Dodging
 * Level 6.1 Shields


You had 7 spell levels left.
You didn't know any spells.
Your spell library contained the following spells:

 Spells                   Type           Power        Failure   Level  Hunger
 Corona                   Hex            #......      99%         1    ##.....
 Ensorcelled Hibernation  Hex/Ice        #.....       99%         2    ###....
 Confuse                  Hex            #.......     100%        3    ####...
 Dazzling Spray           Conj/Hex       #.....       100%        3    ####...
 Tukima's Dance           Hex            #.......     100%        3    ####...


Dungeon Overview and Level Annotations

Branches:
Dungeon (6/15)
 Temple: D:4-7

Altars:
Sif Muna


Message History

You block the orc warrior's attack.
You closely miss the orc warrior.
The orc warrior is lightly wounded.
The orc warrior hits you with a +0 dire flail!
The orc warrior hits you with a +0 dire flail!!
Your skin crawls.
You feel resistant to hostile enchantments.
You are near starving!
You block the orc warrior's attack.
You closely miss the orc warrior.
The orc warrior is lightly wounded.
The orc warrior hits you with a +0 dire flail!
You barely miss the orc warrior.
The orc warrior is lightly wounded.
The orc warrior hits you with a +0 dire flail!!
* * * LOW HITPOINT WARNING * * *
You closely miss the orc warrior.
The orc warrior is lightly wounded.
The orc warrior hits you with a +0 dire flail!!
You die...

###.........#.##.###.##..........
#...........#..#.# #..+.........#
#.#.........##.#.# ####..........
#.#[........##...# #..........
#.#.........###..# #..........
#.#.........# #..# #.........#
#.#.........# #..# #.........#
#.#.........###o.# #.........#
#...............@# #.........#
################## #.........#
#.........# ###########


You could see an orc warrior.

Vanquished Creatures
  2 ice beasts (D:5)
  2 ogres
  A phantom (D:4)
  2 scorpions (D:4)
  A water moccasin skeleton (D:5)
  A crimson imp (D:3)
  6 hounds
  An orc priest (D:3)
  4 orc wizards (D:5)
  An iguana (D:6)
  Natasha (thrice) (D:4)
  4 worker ants
  3 gnolls (D:4)
  2 adders
  A shadow imp (D:5)
  An ooze (D:2)
  A worm (D:2)
  3 dart slugs
  3 leopard geckos
  9 orcs
  8 bats
  2 giant cockroaches
  9 goblins
  5 hobgoblins
  7 jackals
  4 quokkas
  2 ball pythons
  3 frilled lizards
  A jackal skeleton (D:4)
  3 kobolds
  3 rats
98 creatures vanquished.

Notes
Turn   | Place    | Note
-------+----------+-------------------------------------------
     0 | D:1      | Destapler the Human Berserker began the quest for the Orb.
     0 | D:1      | Reached XP level 1. HP: 18/18 MP: 1/1
   160 | D:1      | Reached XP level 2. HP: 23/24 MP: 2/2
   679 | D:1      | Reached XP level 3. HP: 26/29 MP: 3/3
  1445 | D:2      | Reached ** piety under Trog
  1448 | D:2      | Reached XP level 4. HP: 33/37 MP: 4/4
  2233 | D:3      | Reached XP level 5. HP: 40/42 MP: 5/5
  2237 | D:3      | Reached skill level 1 in Shields
  2599 | D:4      | Noticed Natasha
  2609 | D:4      | Killed Natasha
  2625 | D:4      | Noticed an ogre
  2678 | D:3      | Killed an ogre
  2678 | D:3      | Reached skill level 2 in Shields
  2678 | D:3      | Reached XP level 6. HP: 49/49 MP: 6/6
  2863 | D:4      | Noticed a phantom
  2878 | D:4      | Killed a phantom
  2878 | D:4      | Reached skill level 3 in Shields
  2886 | D:4      | Noticed Natasha
  2899 | D:4      | Killed Natasha
  2899 | D:4      | Reached XP level 7. HP: 39/55 MP: 7/7
  2976 | D:4      | Noticed Natasha
  2982 | D:4      | Killed Natasha
  3041 | D:4      | Reached skill level 5 in Fighting
  3112 | D:4      | Reached skill level 4 in Shields
  3374 | D:4      | Reached skill level 5 in Maces & Flails
  3621 | D:5      | Entered Level 5 of the Dungeon
  3675 | D:5      | Reached XP level 8. HP: 62/62 MP: 8/8
  3687 | D:5      | Reached skill level 5 in Shields
  4120 | D:5      | Reached skill level 6 in Shields
  4416 | D:5      | Found a shimmering blue altar of Sif Muna.
  4588 | D:5      | HP: 2/62 [orc warrior/+0 dire flail (19)]
  4589 | D:5      | Demolished by an orc warrior

Levels and vault maps discovered:
D:1:      minmay_arrival_jagged, layout_basic
D:2:      layout_basic
D:3:      layout_loops_ring
D:4:      layout_loops_ring, first_ration, st_stairs_6, uniq_natasha
D:5:      layout_basic, columned_hall_lemuel, minmay_misc_feat_plants,
          lemuel_blue_sif_altar
D:6:      layout_cave_pools, minmay_temple_entry_slanted, basic_altar,
          uniq_menkaure

Skill      XL: |  1  2  3  4  5  6  7  8 |
---------------+-------------------------+-----
Fighting       | 4 5 |  5.2
Armour         | 3 4 |  4.2
Shields        | 2 3 4 6 |  6.1
Maces & Flails | 4 5 |  5.8
Dodging        | |  2.0

Action                   |  1- 3 |  4- 6 |  7- 9 || total
-------------------------+-------+-------+-------++-------
Melee: Whip              |   132 |   185 |   258 ||   575
       Mace              |     5 |       |       ||     5
Throw: Dart              |       |       |     2 ||     2
Invok: Berserk           |     1 |     5 |     6 ||    12
       Trog's Hand       |       |     2 |     7 ||     9
  Use: Scroll            |       |     8 |       ||     8
  Eat: Chunk             |     3 |    10 |    12 ||    25
Armor: Animal skin       |     8 |       |       ||     8
       Scale mail        |    56 |    58 |    65 ||   179
       Ring mail         |       |    11 |       ||    11
Dodge: Dodged            |    77 |    44 |    39 ||   160
Block: Large shield      |       |   105 |    66 ||   171
       Shield            |       |       |    80 ||    80
